 Dungeon Crawl Stone Soup version 0.20.0-15-g7f486f2 (webtiles) character file.

37 Hasart the Magician (level 3, -5/24 HPs)
             Began as a Demonspawn Wizard on June 12, 2017.
             Slain by an adder (6 damage)
             ... on level 2 of the Dungeon.
             The game lasted 00:04:11 (1024 turns).

Hasart the Magician (Demonspawn Wizard)             Turns: 1024, Time: 00:04:12

Health: -5/24      AC:  2    Str:  7    XL:     3   Next: 23%
Magic:  0/8        EV: 12    Int: 20    God:
Gold:   64         SH:  0    Dex: 11    Spells: 8/9 levels left

rFire    . . .     SeeInvis .   h - +0 short sword
rCold    . . .     Gourm    .   (no shield)
rNeg     . . .     Faith    .   a - +0 robe
rPois    .         Spirit   .   b - +0 hat
rElec    .         Reflect  .   (no cloak)
rCorr    .         Harm     +   (no gloves)
MR       .....                  (no boots)
Stlth    ++........             f - amulet of harm
Regen    0.1/turn               (no ring)
MPRegen  0.2/turn               (no ring)

@: lethally poisoned (-5 -> -13), very slightly contaminated
A: talons 1, powered by pain 1
a: no special abilities


You were on level 2 of the Dungeon.
You were not hungry.

You visited 1 branch of the dungeon, and saw 2 of its levels.

You collected 64 gold pieces.

Inventory:

Hand Weapons
 h - a +0 short sword (weapon)
Armour
 a - a +0 robe (worn)
 b - a +0 hat (worn)
Jewellery
 f - an amulet of harm (around neck)
Scrolls
 i - 2 scrolls of enchant weapon {unknown}
 j - 2 scrolls of identify {unknown}
Potions
 e - 3 potions of flight {unknown}
Books
 c - a book of Minor Magic

   Spells                             Type                      Level
   a - Magic Dart                     Conjuration                  1
   b - Blink                          Translocation                2
   c - Call Imp                       Summoning                    2
   d - Slow                           Hexes                        2
   e - Conjure Flame                  Conjuration/Fire             3
   f - Mephitic Cloud                 Conjuration/Poison/Air       3
Comestibles
 d - a bread ration
 g - 2 royal jellies


   Skills:
 - Level 1.8 Dodging
 - Level 1.9 Stealth
 + Level 3.5 Spellcasting
 * Level 2.1 Conjurations
   Level 1.0 Summonings
   Level 0.8 Translocations


You had 8 spell levels left.
You knew the following spells:

 Your Spells              Type           Power        Failure   Level  Hunger
a - Magic Dart            Conj           ##..         5%          1    None


Dungeon Overview and Level Annotations

Branches:
Dungeon (2/15)

Altars:


Innate Abilities, Weirdness & Mutations

You have sharp toenails.
You sometimes gain a little power by taking damage.


Message History

You feel sick. The adder closely misses you.
Casting: Magic Dart
Confirm with . or Enter, or press ? or * to list all spells.
Aiming: Magic Dart
Press: ? - help, Shift-Dir - straight line, f/p - adder
Aim: an adder (moderately wounded)
The magic dart hits the adder.
The adder is severely wounded.
* * * LOW HITPOINT WARNING * * *
You feel sick. The adder bites you but does no damage.
Casting: Magic Dart
Confirm with . or Enter, or press ? or * to list all spells.
Aiming: Magic Dart
Press: ? - help, Shift-Dir - straight line, f/p - adder
Aim: an adder (severely wounded)
The magic dart hits the adder.
The adder is severely wounded.
* * * LOW HITPOINT WARNING * * *
You feel sick. The adder bites you.
You die...

# ####.)#
#.#.####.......
#......@.#.#.#.
###.####S......
.#.#.#. .......
.#.#.#. .......
#.##.#. .. ..


You could see an adder.

Vanquished Creatures
  An adder (D:2)
  2 dart slugs (D:1)
  2 leopard geckos (D:1)
  A bat (D:1)
  2 goblins (D:1)
  4 hobgoblins (D:1)
  3 frilled lizards (D:1)
  4 kobolds (D:1)
  4 rats (D:1)
23 creatures vanquished.

Notes
Turn   | Place    | Note
-------+----------+-------------------------------------------
     0 | D:1      | Hasart the Demonspawn Wizard began the quest for the Orb.
     0 | D:1      | Reached XP level 1. HP: 13/13 MP: 4/4
   254 | D:1      | Gained mutation: You have sharp toenails. [demonic ancestry]
   254 | D:1      | Reached XP level 2. HP: 19/19 MP: 0/6
   802 | D:1      | Gained mutation: You sometimes gain a little power by taking damage. [demonic ancestry]
   802 | D:1      | Reached XP level 3. HP: 24/24 MP: 1/8
  1024 | D:2      | HP: 1/24 [poisoned by an adder]
  1024 | D:2      | Slain by an adder

Skill      XL: |  1  2  3 |
---------------+----------+-----
Conjurations   | 2 |  2.1
Dodging        | |  1.8
Stealth        | |  1.9
Spellcasting   | |  3.5
Summonings     | |  1.0
Translocations | |  0.8

Action                   || total
-------------------------++-------
Melee: Club              ||     9
       Short sword       ||    16
       Kick              ||     3
 Cast: Magic Dart        ||    51
 Stab: Sleeping          ||     1
Armor: Robe              ||     8
Dodge: Dodged            ||    28
